 Dungeon Crawl Stone Soup version 0.30.1-4-g462c640d31 (webtiles) character file.

Game seed: 3313407579720755467

15265 rvierbuc the Blocker (level 11, -25/84 HPs)
             Began as a Demonspawn Gladiator on Aug 22, 2023.
             Was an Elder of Okawaru.
             Hit by a javelin thrown by a minotaur (32 damage)
             ... in a Gauntlet on Aug 23, 2023.
             The game lasted 01:25:16 (13322 turns).

rvierbuc the Blocker (Demonspawn Gladiator)        Turns: 13322, Time: 01:25:17

Health: -25/84     AC:  6    Str: 19    XL:     11   Next: 99%
Magic:  0/12       EV: 19    Int:  8    God:    Okawaru [****..]
Gold:   549        SH: 24    Dex: 18    Spells: 10/10 levels left

rFire   + . .        R - +4 hand axe of Eternal Harmony {spect, Fly rN+ Stlth+}
rCold   x . .        B - +3 tower shield
rNeg    + . .        C - +0 troll leather armour
rPois   .            x - +0 helmet {SInv}
rElec   .            P - +0 cloak {Stlth+}
rCorr   .            a - +0 pair of gloves {hurl}
SInv    +            (no boots)
Will    .....        (no amulet)
Stlth   +++++        j - +5 ring of evasion
HPRegen 1.14/turn    f - ring of fire
MPRegen 0.26/turn

%: no teleportation, guardian spirit
@: flying, studying Short Blades, unable to drink
A: large bone plates 1, spiny 2, magic shield, magic regeneration, weakness
stinger 1, deformed body, strong 1, inability to drink after injury 1
a: Renounce Religion, Heroism, Finesse


You were in a Gauntlet.
You worshipped Okawaru.
Okawaru was greatly pleased with you.
You visited 2 branches of the dungeon, and saw 13 of its levels.
You also visited: Gauntlet.

You collected 549 gold pieces.

Inventory:

Hand Weapons
 e - a +4 hand axe
 l - a +2 longbow of flaming
 w - a +4 scimitar of flaming
 z - a +1 heavy trident
 H - a +0 short sword of speed
 J - a +1 spear of venom
 M - a +2 trident of protection
 N - the +11 quarterstaff "Dasu" {drain, *Noise rPois Str+10 Dex-3}
   (You found it on level 8 of the Dungeon)

   Str:       It affects your strength (+10).
   Dex:       It affects your dexterity (-3).
   rPois:     It protects you from poison.
   *Noise:    It may make noises in combat.
 R - the +4 hand axe of Eternal Harmony (weapon) {spect, Fly rN+ Stlth+}
   (You found it on level 9 of the Dungeon)

   rN:        It protects you from negative energy.
   Fly:       It grants you flight.
   Stlth:     It makes you more stealthy.
 W - a +1 spear of freezing
 Y - a +2 battleaxe of venom
Missiles
 g - 17 boomerangs
 E - 13 poisoned darts
 L - 2 curare-tipped darts
 Z - 8 javelins (quivered)
Armour
 a - a +0 pair of gloves of hurling (worn)
 x - a +0 helmet of see invisible (worn)
 B - a +3 tower shield (worn)
 C - a +0 troll leather armour (worn)
 P - a +0 cloak of stealth (worn)
Magical Staves
 I - a staff of death
 U - a staff of poison
Jewellery
 f - a ring of fire (right hand)
 j - a +5 ring of evasion (left hand)
 t - a ring of protection from fire
Wands
 k - a wand of flame (3)
 y - a wand of light (3)
 A - a wand of roots (29)
 X - a wand of charming (7)
Scrolls
 h - 3 scrolls of teleportation
 i - 2 scrolls of immolation
 m - 2 scrolls of enchant weapon
 n - a scroll of fog
 p - 2 scrolls of vulnerability
 q - 3 scrolls of noise
 u - a scroll of identify
 D - 2 scrolls of torment
 G - 3 scrolls of poison
 K - a scroll of fear
 Q - a scroll of magic mapping
 V - a scroll of silence
Potions
 b - 2 potions of haste
 d - a potion of brilliance
 o - 2 potions of lignification
 r - 3 potions of might
 v - 7 potions of curing
 F - a potion of attraction
 T - 7 potions of ambrosia


   Skills:
 + Level 7.0 Fighting
 + Level 8.7 Long Blades
 + Level 6.1 Axes
 + Level 2.8 Throwing
 + Level 4.9 Armour
 + Level 7.7 Dodging
 + Level 4.6 Stealth
 + Level 8.9 Shields
 + Level 1.5 Invocations


You had 10 spell levels left.
You didn't know any spells.
Your spell library contained the following spells:

 Spells                   Type           Power      Damage    Failure   Level
 Beastly Appendage        Tmut           0%         N/A       95%         1
 Slow                     Hex            0%         N/A       95%         1
 Wereblood                Tmut           0%         N/A       98%         2
 Confusing Touch          Hex            0%         N/A       100%        3
 Portal Projectile        Hex/Tloc       0%         N/A       100%        3
 Spider Form              Tmut/Pois      0%         N/A       100%        3
 Vampiric Draining        Necr           0%         2d6       100%        3
 Leda's Liquefaction      Hex/Erth       0%         N/A       100%        4
 Passage of Golubria      Tloc           0%         N/A       100%        4
 Yara's Violent Unravell  Hex/Tmut       0%         3d3       100%        5
 Call Canine Familiar     Summ           Unusable   N/A       N/A         3
 Tukima's Dance           Hex            Unusable   N/A       N/A         3

Dungeon Overview and Level Annotations

Branches:
Dungeon (12/15)            Temple (1/1) D:6            Lair (0/5) D:8
    Orc (0/2) D:12        Gauntlet (1/1)

Altars:
Ashenzari
Cheibriados
Dithmenos
Fedhas
Gozag
Hepliaklqana
Kikubaaqudgha
Makhleb
Nemelex Xobeh
Okawaru
Qazlal
Ru
Sif Muna
Trog
Uskayaw
Vehumet
Wu Jian
Xom
Yredelemnul

Shops:
D:1 (   D:4 *   D:7 *   D:8 *

Portals:
Trove: D:12 (show slimy rune of Zot)

Annotations:
D:11 1 runed translucent door, boopmooplesden's ghost, journeyman AtBe Gauntlet 12 transporters, 13 runed translucent doors


Innate Abilities, Weirdness & Mutations

You are partially covered in large bone plates. (SH +4)
You are mostly covered in sharp spines.
When hurt, damage is shared between your health and your magic reserves.
You regenerate magic rapidly.
You have a small tail.
Armour fits poorly on your strangely shaped body.
Your muscles are strong. (Str +4, Int/Dex -1)
You occasionally lose the ability to drink potions when taking damage.


Message History

You hit the minotaur but do no damage.
Your tail-slap misses the minotaur.
The minotaur is heavily wounded.
Your +4 hand axe of Eternal Harmony {spect, Fly rN+ Stlth+} hits the minotaur.
You block the minotaur's attack. The minotaur closely misses you.
You hit the minotaur but do no damage.
The minotaur is heavily wounded.
Your +4 hand axe of Eternal Harmony {spect, Fly rN+ Stlth+} hits the minotaur.
You block the minotaur's attack. x2
You hit the minotaur but do no damage.
The minotaur is heavily wounded.
Your +4 hand axe of Eternal Harmony {spect, Fly rN+ Stlth+} hits the minotaur but does no damage.
You feel like a meek peon again. The minotaur is struck by your spines.
The minotaur hits you with the staff of cold "Deanagug" {rC+ Str+2 Dex+9 SInv}!
The minotaur freezes you! You block the minotaur's attack.
You hit the minotaur but do no damage.
The minotaur is severely wounded.
Your +4 hand axe of Eternal Harmony {spect, Fly rN+ Stlth+} hits the minotaur but does no damage.
You block the minotaur's attack. x3; The minotaur misses you.
You completely miss the minotaur.
The minotaur furiously retaliates!
The minotaur headbutts you, but does no damage.
You tail-slap the minotaur.
The minotaur is severely wounded.
Your +4 hand axe of Eternal Harmony {spect, Fly rN+ Stlth+} hits the minotaur but does no damage.
The minotaur hits you with the staff of cold "Deanagug" {rC+ Str+2 Dex+9 SInv}.
The minotaur freezes you. You block the minotaur's attack.
You hit the minotaur but do no damage.
The minotaur is severely wounded.
Your +4 hand axe of Eternal Harmony {spect, Fly rN+ Stlth+} hits the minotaur but does no damage.
You block the minotaur's attack. The minotaur gores you!
The minotaur attacks as you move away! The minotaur is struck by your spines.
The minotaur hits you with the staff of cold "Deanagug" {rC+ Str+2 Dex+9 SInv}!!
You feel threatened and lose the ability to drink potions!
* * * LOW HITPOINT WARNING * * *
The minotaur freezes you.
* * * LOW HITPOINT WARNING * * *
The minotaur barely misses you.
Your +4 hand axe of Eternal Harmony {spect, Fly rN+ Stlth+} disappears.
The minotaur throws a javelin.
The javelin pierces through you!!
You die...

....................≈∩≈..........
#################################
#8# #8# #8##≈...............≈##8
### ### ####8..©.©.©.©.©.©..8###
#≈...............§#
#########.#########
#.............# #.###########.#
#.@.H.....# #.#.###.### #.#.#
#.#.. #.##.# #.. .# ##. .. ##


You could see a minotaur.

Vanquished Creatures
  A hydra (D:10)
  A vault guard (D:12)
  An ogre mage (D:10)
  A ghost crab (Gauntlet)
  Erica (D:8)
  A two-headed ogre (D:10)
  A centaur warrior (D:10)
  A boulder beetle (D:10)
  A manticore (D:11)
  Maurice (D:8)
  A smoke demon (Gauntlet)
  An unseen horror (D:10)
  A yaktaur (D:10)
  A kobold demonologist (D:11)
  2 queen bees
  3 trolls
  Prince Ribbit (D:10)
  A vampire (D:11)
  A shadow (D:11)
  6 yaks (D:9)
  A wraith (D:9)
  Eustachio (D:6)
  A basilisk (D:7)
  A steam dragon (D:9)
  A vampire mosquito (D:7)
  2 wargs (D:9)
  An acid dragon (D:11)
  3 water moccasins
  3 orc warriors
  An ice beast (D:6)
  A black bear (D:6)
  2 centaurs
  An ogre (D:4)
  3 kobold brigands
  Blork the orc (D:4)
  4 bullfrogs
  2 gnoll sergeants
  A scorpion (D:6)
  9 wights
  23 killer bees
  3 electric eels (D:10)
  10 howler monkeys
  2 crimson imps (Gauntlet)
  2 hounds
  4 jellies
  10 orc priests
  2 gnoll boudas
  Natasha (thrice) (D:4)
  2 iguanas
  14 orc wizards
  A sleepcap (D:5)
  28 gnolls
  6 adders
  A shadow imp (D:7)
  A white imp (D:6)
  2 worms (D:4)
  2 dart slugs
  21 orcs
  2 bats (D:2)
  7 endoplasms
  2 giant cockroaches
  9 goblins
  5 hobgoblins
  7 jackals
  2 quokkas
  9 ball pythons
  3 frilled lizards (D:1)
  23 kobolds
  4 rats
277 creatures vanquished.

Vanquished Creatures (others)
  5 spectral weapons
5 creatures vanquished.

Grand Total: 282 creatures vanquished

Notes
Turn   | Place    | Note
-------+----------+-------------------------------------------
     0 | D:1      | rvierbuc the Demonspawn Gladiator began the quest for the
                  | Orb.
     0 | D:1      | Reached XP level 1. HP: 16/16 MP: 1/1
   223 | D:1      | Gained mutation: You regenerate magic rapidly. [demonic
                  | ancestry]
   223 | D:1      | Reached XP level 2. HP: 22/22 MP: 2/2
   666 | D:1      | Found Urafuatu's Weapon Emporium.
  1288 | D:2      | Gained mutation: You are partially covered in sharp spines.
                  | [demonic ancestry]
  1288 | D:2      | Reached XP level 3. HP: 13/27 MP: 3/3
  1565 | D:2      | Identified the scarf of Opheanix {rC+ rF+, +Inv rElec
                  | rCorr}
  1851 | D:3      | Found a faded altar of an unknown god.
  1860 | D:3      | Reached skill level 1 in Armour
  1860 | D:3      | Gained mutation: You are partially covered in large bone
                  | plates. (SH +4) [demonic ancestry]
  1860 | D:3      | Reached XP level 4. HP: 33/33 MP: 4/4
  2545 | D:4      | Gained mutation: You are mostly covered in sharp spines.
                  | [demonic ancestry]
  2545 | D:4      | Reached XP level 5. HP: 39/39 MP: 5/5
  2730 | D:4      | Noticed Natasha
  2736 | D:4      | Killed Natasha
  2789 | D:4      | Noticed an ogre
  2800 | D:4      | Killed an ogre
  2801 | D:4      | Reached skill level 1 in Stealth
  2801 | D:4      | Reached XP level 6. HP: 33/46 MP: 6/6
  2881 | D:4      | Found Zin's Purification Station.
  3006 | D:4      | Noticed Natasha
  3014 | D:4      | Killed Natasha
  3289 | D:4      | Noticed Natasha
  3296 | D:4      | Killed Natasha
  3345 | D:4      | Noticed Blork the orc
  3358 | D:4      | Killed Blork the orc
  3494 | D:5      | Entered Level 5 of the Dungeon
  3928 | D:5      | Reached skill level 5 in Long Blades
  4002 | D:5      | Reached XP level 7. HP: 49/52 MP: 7/7
  4262 | D:6      | Reached skill level 1 in Shields
  4883 | D:6      | Gained mutation: When hurt, damage is shared between your
                  | health and your magic reserves. [demonic ancestry]
  4883 | D:6      | Reached XP level 8. HP: 50/60 MP: 8/8
  4954 | D:6      | Noticed Eustachio
  5008 | D:6      | Killed Eustachio
  5132 | D:6      | Found a staircase to the Ecumenical Temple.
  5600 | Temple   | Entered the Ecumenical Temple
  5992 | D:7      | Reached skill level 5 in Dodging
  6313 | D:7      | Noticed a troll
  6324 | D:7      | Killed a troll
  6325 | D:7      | Gained mutation: You have a small tail. [demonic ancestry]
  6325 | D:7      | Reached XP level 9. HP: 36/65 MP: 5/9
  6736 | D:7      | Found a hide-covered altar of Uskayaw.
  6851 | D:7      | Found a sacrificial altar of Ru.
  6860 | D:7      | Found a stormy altar of Qazlal.
  6880 | D:7      | Found Dinutune's General Store.
  6944 | D:7      | Found an iron altar of Okawaru.
  6944 | D:7      | Found a shimmering altar of Xom.
  7110 | D:7      | Became a worshipper of Warmaster Okawaru
  7184 | D:8      | Found Piselim's General Store.
  7198 | D:8      | Identified the +11 quarterstaff "Dasu" {drain, *Noise rPois
                  | Str+10 Dex-3}
  7224 | D:8      | Noticed Prince Ribbit
  7326 | D:8      | Noticed Maurice
  7353 | D:8      | Killed Maurice
  7385 | D:8      | Noticed Erica
  7436 | D:9      | Reached * piety under Okawaru
  7441 | D:9      | Reached skill level 5 in Shields
  7594 | D:9      | Found a flagged portal.
  7602 | D:9      | Identified the +4 hand axe of Eternal Harmony {spect, Fly
                  | rN+ Stlth+}
  7739 | D:9      | Noticed a queen bee
  7773 | D:9      | Killed a queen bee
  7774 | D:9      | Reached XP level 10. HP: 55/73 MP: 6/10
  7792 | D:9      | Reached skill level 1 in Axes
  7834 | D:9      | Reached ** piety under Okawaru
  7835 | D:9      | Reached skill level 5 in Fighting
  8005 | D:9      | You are sucked into a shaft and drop 1 floor!
  8005 | D:10     | Entered Level 10 of the Dungeon
  8105 | D:9      | Found a sparkling altar of Nemelex Xobeh.
  8510 | D:10     | Found a snail-covered altar of Cheibriados.
  8532 | D:10     | Reached *** piety under Okawaru
  8720 | D:10     | Noticed a five-headed hydra
  8754 | D:10     | Noticed a two-headed ogre
  8764 | D:10     | Killed a two-headed ogre
  8851 | D:10     | Killed Prince Ribbit
  9162 | D:10     | Noticed an ogre mage
  9163 | D:10     | Noticed a boulder beetle
  9241 | D:8      | Killed Erica
  9241 | D:8      | Reached **** piety under Okawaru
  9242 | D:8      | Reached XP level 11. HP: 41/81 MP: 5/11
  9693 | D:8      | Gained mutation: You have supernaturally acute eyesight.
                  | (SInv) [potion of mutation]
  9693 | D:8      | Gained mutation: Potions are less effective at restoring
                  | your health. [potion of mutation]
  9693 | D:8      | Gained mutation: You are vulnerable to cold. (rC-) [potion
                  | of mutation]
  9694 | D:8      | Lost mutation: You have supernaturally acute eyesight.
                  | (SInv) [potion of mutation]
  9694 | D:8      | Lost mutation: Potions are less effective at restoring your
                  | health. [potion of mutation]
  9694 | D:8      | Lost mutation: You are vulnerable to cold. (rC-) [potion of
                  | mutation]
  9694 | D:8      | Gained mutation: You are agile. (Dex +4, Str/Int -1)
                  | [potion of mutation]
  9943 | D:8      | Found a staircase to the Lair.
 10013 | D:8      | Lost mutation: You are agile. (Dex +4, Str/Int -1) [potion
                  | of mutation]
 10013 | D:8      | Gained mutation: Your muscles are strong. (Str +4, Int/Dex
                  | -1) [potion of mutation]
 10013 | D:8      | Gained mutation: Armour fits poorly on your strangely
                  | shaped body. [potion of mutation]
 10013 | D:8      | Gained mutation: You occasionally lose the ability to drink
                  | potions when taking damage. [potion of mutation]
 10140 | D:8      | Found an ancient bone altar of Kikubaaqudgha.
 10868 | D:10     | Killed a boulder beetle
 10869 | D:10     | Reached skill level 5 in Axes
 10943 | D:10     | Noticed a centaur warrior
 10952 | D:10     | Killed a centaur warrior
 10952 | D:10     | Received a gift from Okawaru
 11229 | D:10     | Killed a one-headed hydra
 11238 | D:10     | Killed an ogre mage
 11790 | D:11     | Reached skill level 1 in Invocations
 11897 | D:11     | Found a runed translucent door.
 11898 | D:11     | Found a shimmering altar of Xom.
 11898 | D:11     | Noticed boopmooplesden's ghost (journeyman AtBe)
 11899 | D:11     | Noticed a +1 scimitar of chaos
 12215 | D:12     | Noticed a vault guard
 12233 | D:12     | Killed a vault guard
 12237 | D:12     | Found a portal to a secret trove of treasure.
 12307 | D:12     | Found a gate leading to a gauntlet.
 12312 | Gauntlet | Entered a Gauntlet
 12312 | Gauntlet | Found a transporter.
 12313 | Gauntlet | Found a large runed translucent door.
 12314 | Gauntlet | Found a large runed translucent door.
 12315 | Gauntlet | Found a large runed translucent door.
 12315 | Gauntlet | Found a large runed translucent door.
 12315 | Gauntlet | Found a runed translucent door.
 12315 | Gauntlet | Found a runed translucent door.
 12316 | Gauntlet | Found a large runed translucent door.
 12317 | Gauntlet | Found a large runed translucent door.
 12318 | Gauntlet | Found a large runed translucent door.
 12318 | Gauntlet | Found a large runed translucent door.
 12319 | Gauntlet | Found a runed translucent gate.
 12319 | Gauntlet | Found a runed translucent gate.
 12319 | Gauntlet | Found a runed translucent gate.
 12321 | Gauntlet | Found a transporter.
 12330 | Gauntlet | Found a large runed translucent door.
 12330 | Gauntlet | Found a large runed translucent door.
 12331 | Gauntlet | Found a large runed translucent door.
 12332 | Gauntlet | Found a large runed translucent door.
 12336 | Gauntlet | Found a transporter.
 12339 | Gauntlet | Noticed a sixfirhy
 12341 | Gauntlet | Found a transporter.
 12345 | Gauntlet | Noticed a ghost crab
 12358 | Gauntlet | Found a transporter.
 12376 | Gauntlet | Noticed a sixfirhy
 12377 | Gauntlet | Found a transporter.
 12378 | Gauntlet | Noticed a sixfirhy
 12378 | Gauntlet | Found the +12 glaive of Prune {freeze, Prune}
 12389 | Gauntlet | Found a transporter.
 12393 | Gauntlet | Noticed a wretched star
 12393 | Gauntlet | Noticed a sixfirhy
 12395 | Gauntlet | Found a transporter.
 12410 | Gauntlet | Found a transporter.
 12415 | Gauntlet | Noticed a wizard
 12416 | Gauntlet | Noticed a wizard
 12422 | Gauntlet | Found a transporter.
 12425 | Gauntlet | Noticed a ghost crab
 12434 | Gauntlet | Found a transporter.
 12451 | Gauntlet | Found a transporter.
 12454 | Gauntlet | Noticed a quicksilver ooze
 12469 | Gauntlet | Found a transporter.
 12471 | Gauntlet | Found a transporter.
 12496 | Gauntlet | Found a transporter.
 12498 | Gauntlet | Found a transporter.
 12514 | Gauntlet | Found a large runed translucent door.
 12514 | Gauntlet | Found a large runed translucent door.
 12515 | Gauntlet | Found a large runed translucent door.
 12516 | Gauntlet | Found a large runed translucent door.
 12518 | Gauntlet | Found a transporter.
 12608 | Gauntlet | Found a transporter.
 13235 | Gauntlet | Killed a ghost crab
 13296 | Gauntlet | Identified the staff of cold "Deanagug" {rC+ Str+2 Dex+9
                  | SInv}
 13296 | Gauntlet | Noticed a minotaur
 13322 | Gauntlet | Hit by a javelin thrown by a minotaur

Illustrated notes

Levels and vault maps discovered:
D:1:      kennysheep_arrival_seaside, layout_loops_ring, serial_shops, shop,
          corexii_hall_statues_l
D:2:      layout_basic
D:3:      layout_loops_ring, ebering_ecumenical_altar_rust, hex_tiny
D:4:      minmay_door_path, layout_loops_ring, zin_purify,
          lemuel_coloured_pillars_altar, uniq_blork_the_orc, uniq_natasha
D:5:      layout_loops_cross
D:6:      layout_cave_pods, minmay_temple_entry_grid, uniq_eustachio
D:7:      layout_basic, overflow_temple_1_default,
          mainiacjoe_overflow_six_doors_small, kennysheep_little_box,
          gammafunk_temple_overflow_wave, serial_shops,
          nicolae_shop_competitors_out_of_business, skrybe_limestone_x,
          minmay_manual_macuahuitl
D:8:      layout_basic, kiku_gazebo_pond_becter, erik_lair_orcish_takeover,
          serial_shops, shop_statue, uniq_erica, uniq_maurice,
          uniq_prince_ribbit1
D:9:      layout_long_grid, overflow_temple_1_default, enter_bailey_2,
          special_room [special_room_bee], grunt_ministairs_12
D:10:     minmay_bloctagon_deflated, layout_stronghold, lemuel_crystal_altar,
          elyvilon_altar_5, serial_bayou_lake_a
D:11:     layout_basic, ebering_ghost_xom
D:12:     layout_loops_ring, orc_0_dummy, enter_trove_5, gauntlet_entry_generic
Temple:   chequers_temple_sunken
Gauntlet: gammafunk_gauntlet_one_two_three [gammafunk_gauntlet_arena_mazey,
          minmay_gauntlet_arena_make_your_own_arena,
          nicolae_gauntlet_arena_flowing_pool, nicolae_gauntlet_arena_x,
          gammafunk_gauntlet_arena_crates, gammafunk_gauntlet_arena_teeth,
          nicolae_gauntlet_arena_blocks, nicolae_gauntlet_swirl,
          nicolae_gauntlet_arena_grate_2, dreamdust_gauntlet_exit_labyrinth]

Skill      XL: |  1  2  3  4  5  6  7  8  9 10 11 |
---------------+----------------------------------+-----
Throwing       | 2 |  2.8
Dodging        | 3 4 5 6 7 |  7.7
Long Blades    | 3 4 5 6 7 8 |  8.7
Armour         | 1 2 3 4 |  4.9
Stealth        | 1 2 3 4 |  4.6
Fighting       | 3 4 5 7 |  7.0
Shields        | 1 3 5 7 8 |  8.9
Axes           | 4 6 |  6.1
Invocations    | 1 |  1.5

Action                     |  1- 3 |  4- 6 |  7- 9 | 10-12 || total
---------------------------+-------+-------+-------+-------++-------
  Melee: Long sword        |    90 |   106 |   340 |       ||   536
         Punch             |     1 |       |     2 |       ||     3
         Hand axe          |       |       |    38 |   438 ||   476
         Tailslap          |       |       |    36 |   102 ||   138
         Short sword       |       |       |     1 |     4 ||     5
         Scimitar          |       |       |       |    41 ||    41
  Throw: Throwing net      |     3 |     1 |       |       ||     4
         Javelin           |     1 |     1 |     3 |     7 ||    12
         Boomerang         |       |       |       |     5 ||     5
 Invoke: Heroism           |       |       |       |    10 ||    10
    Use: Scroll            |       |       |       |    16 ||    16
         Potion            |       |       |       |    16 ||    16
   Stab: Sleeping          |       |     2 |     2 |     2 ||     6
         Distracted        |       |       |       |     9 ||     9
 Armour: Leather armour    |    25 |     6 |    29 |       ||    60
         Troll leather arm |       |       |    12 |    40 ||    52
  Dodge: Dodged            |    65 |    92 |   217 |   163 ||   537
  Block: Other             |       |    18 |    22 |       ||    40
         Tower shield      |       |       |   327 |   518 ||   845
